TOP OF THE 1ST |
University of North Carolina at Chapel Hill Tar Heels batting - Pitching for UCLA Bruins : RHP Kyle Meade
|
Pitching: RHP Kyle Meade
|
|
Batting: LHB Angelo Lira
|
0-0: Called Strike 0-1: Fly out, F9 (Flyball, 9, EV 91.9 MPH)
|
Batting: SHB Dan Strickland
|
0-0: Called Strike 0-1: Ball 1-1: Foul Ball, location: 2F 1-2: SINGLE (Line Drive, 7S, EV 103.1 MPH)
|
Batting: RHB Cesar Rendon
|
0-0: Ball 1-0: Called Strike 1-1: Swinging Strike 1-2: Strikes out looking
|
Batting: LHB Ramon Garduno
|
0-0: Fielders Choice at 2nd, 6-4 (Groundball, 6, EV 88.8 MPH)
|
Top of the 1st over - 0 runs, 1 hit, 0 errors, 1 left on base; University of North Carolina at Chapel Hill 0 - UCLA 0 |
BOTTOM OF THE 1ST |
UCLA Bruins batting - Pitching for University of North Carolina at Chapel Hill Tar Heels : RHP Brian Jarrett
|
Pitching: RHP Brian Jarrett
|
|
Batting: RHB Lorenzo Diaz
|
0-0: Ball 1-0: Foul Ball, location: 2F 1-1: Fly out, F9 (Line Drive, 9D, EV 91.9 MPH)
|
Batting: RHB Jack Stadner
|
0-0: Ball 1-0: Ground out 4-3 (Groundball, 4, EV 80.0 MPH)
|
Batting: LHB Xue-liang Zhou
|
0-0: Ball 1-0: Ball 2-0: Ball 3-0: Called Strike 3-1: Swinging Strike 3-2: Foul Ball, location: 2F 3-2: Fly out, F7 (Flyball, 7D, EV 105.6 MPH)
|
Bottom of the 1st over - 0 runs, 0 hits, 0 errors, 0 left on base; University of North Carolina at Chapel Hill 0 - UCLA 0 |
TOP OF THE 2ND |
University of North Carolina at Chapel Hill Tar Heels batting - Pitching for UCLA Bruins : RHP Kyle Meade
|
Batting: RHB Akira Kubo
|
0-0: Ball 1-0: Fly out, F8 (Flyball, 8RS, EV 85.6 MPH)
|
Batting: LHB Danny de Leon
|
0-0: Ball 1-0: Ball 2-0: Called Strike 2-1: Ball 3-1: Base on Balls
|
Batting: RHB R.J. Gomez
|
0-0: Called Strike 0-1: Ball 1-1: Ball 2-1: Swinging Strike 2-2: Ball 3-2: Foul Ball, location: 2F 3-2: Foul Ball, location: 2F 3-2: Base on Balls Danny de Leon to second
|
Batting: RHB Yasuoka Tsuda
|
0-0: Ball 1-0: Foul Ball, location: 2F 1-1: Fly out, F7 (Flyball, 78M, EV 90.6 MPH)
|
Batting: LHB Ryan Fridley
|
0-0: Ball 1-0: Swinging Strike 1-1: Ball 2-1: Ground out 1-3 (Groundball, 34S, EV 63.1 MPH)
|
Top of the 2nd over - 0 runs, 0 hits, 0 errors, 2 left on base; University of North Carolina at Chapel Hill 0 - UCLA 0 |
BOTTOM OF THE 2ND |
UCLA Bruins batting - Pitching for University of North Carolina at Chapel Hill Tar Heels : RHP Brian Jarrett
|
Batting: RHB Amir Christy
|
0-0: Ball 1-0: Called Strike 1-1: Ball 2-1: Fly out, F9 (Line Drive, 9S, EV 100.6 MPH)
|
Batting: LHB Alex Larangho
|
0-0: Ball 1-0: Ball 2-0: Called Strike 2-1: Ball 3-1: Base on Balls
|
Batting: RHB Manny Olave
|
0-0: Swinging Strike 0-1: Ball 1-1: Foul Ball, location: 2F 1-2: Fielders Choice at 2nd, 6-4 (Groundball, 6M, EV 85.6 MPH)
|
Batting: RHB John Ricketts
|
0-0: Ball 1-0: Ball 2-0: Ball 3-0: Called Strike 3-1: Foul Ball, location: 2F 3-2: Fly out, F8 (Flyball, 89M, EV 86.2 MPH)
|
Bottom of the 2nd over - 0 runs, 0 hits, 0 errors, 1 left on base; University of North Carolina at Chapel Hill 0 - UCLA 0 |
TOP OF THE 3RD |
University of North Carolina at Chapel Hill Tar Heels batting - Pitching for UCLA Bruins : RHP Kyle Meade
|
Batting: LHB Angelo Lira
|
0-0: Foul Ball, location: 2F 0-1: SINGLE (Groundball, 34D, EV 103.8 MPH)
|
Batting: SHB Dan Strickland
|
Pickoff Throw to First - Out! 1-3 0-0: Foul Ball, location: 2F 0-1: SINGLE (Groundball, 6M, EV 87.5 MPH) (infield hit)
|
Batting: RHB Cesar Rendon
|
0-0: Ball 1-0: Called Strike 1-1: SINGLE (Line Drive, 3D, EV 100.6 MPH) Dan Strickland to second
|
Batting: LHB Ramon Garduno
|
0-0: Called Strike 0-1: Ball 1-1: Called Strike 1-2: SINGLE (Groundball, 4D, EV 94.4 MPH) Dan Strickland to third Cesar Rendon to second Runner from 3rd tries for Home, SAFE, throw by CF to home
|
Batting: RHB Akira Kubo
|
0-0: Called Strike 0-1: Called Strike 0-2: Ball 1-2: Ball 2-2: SINGLE (Line Drive, 7LM, EV 106.9 MPH) Cesar Rendon to third Ramon Garduno to second Runner from 3rd tries for Home, SAFE, throw by LF to home
|
Batting: LHB Danny de Leon
|
0-0: Ball 1-0: Foul Ball, location: 2F 1-1: Swinging Strike 1-2: Ball 2-2: Ball 3-2: Foul Ball, location: 2F 3-2: 3-RUN HOME RUN (Flyball, 89XD, EV 107.5 MPH), Distance : 408 ft
|
Pitching: RHP Gerardo Diaz
|
|
Batting: RHB R.J. Gomez
|
0-0: Swinging Strike 0-1: Ball 1-1: Foul Ball, location: 2F 1-2: Foul Ball, location: 2F 1-2: Strikes out swinging
|
Batting: RHB Yasuoka Tsuda
|
0-0: Ball 1-0: Swinging Strike 1-1: Ball 2-1: Ball 3-1: Called Strike 3-2: Strikes out swinging
|
Top of the 3rd over - 5 runs, 6 hits, 0 errors, 0 left on base; University of North Carolina at Chapel Hill 5 - UCLA 0 |
BOTTOM OF THE 3RD |
UCLA Bruins batting - Pitching for University of North Carolina at Chapel Hill Tar Heels : RHP Brian Jarrett
|
Batting: RHB Oscar Ferrer
|
0-0: Ball 1-0: DOUBLE (Flyball, 89D, EV 106.2 MPH)
|
Batting: RHB Isaiah Hampton
|
0-0: Foul Ball, location: 2F 0-1: Called Strike 0-2: Foul Ball, location: 2F 0-2: Fly out, F6 (Line Drive, 6, EV 68.8 MPH)
|
Batting: RHB Lorenzo Diaz
|
0-0: Ball 1-0: Called Strike 1-1: Called Strike 1-2: Ball 2-2: Ball 3-2: Foul Ball, location: 2F 3-2: Base on Balls
|
Batting: RHB Jack Stadner
|
0-0: Foul Ball, location: 2F 0-1: SINGLE (Groundball, 56D, EV 95.0 MPH) Oscar Ferrer to third Lorenzo Diaz to second Runner from 3rd tries for Home, SAFE, throw by LF to home
|
Batting: LHB Xue-liang Zhou
|
0-0: Ball 1-0: Ball 2-0: Swinging Strike 2-1: Fly out, F8 (Line Drive, 8LD, EV 85.6 MPH) Runner from 2nd tags up, SAFE at 3rd with throw by CF
|
Batting: RHB Amir Christy
|
0-0: Ball 1-0: Ball 2-0: Foul Ball, location: 2F 2-1: SINGLE (Line Drive, 3D, EV 97.5 MPH) Lorenzo Diaz scores Jack Stadner to second
|
Batting: LHB Alex Larangho
|
0-0: Swinging Strike 0-1: Swinging Strike 0-2: Ball 1-2: Ball 2-2: Ball 3-2: SINGLE (Groundball, 56D, EV 98.8 MPH) Jack Stadner to third Amir Christy to second Jack Stadner scores Amir Christy to third
|
Batting: RHB Manny Olave
|
0-0: Ball 1-0: Ball Wild Pitch! Amir Christy scores Alex Larangho to second 2-0: Ball 3-0: Called Strike 3-1: Base on Balls
|
Batting: RHB John Ricketts
|
0-0: Fielders Choice at 2nd, 6-4 (Groundball, 6, EV 105.6 MPH)
|
Bottom of the 3rd over - 4 runs, 4 hits, 0 errors, 2 left on base; University of North Carolina at Chapel Hill 5 - UCLA 4 |
TOP OF THE 4TH |
University of North Carolina at Chapel Hill Tar Heels batting - Pitching for UCLA Bruins : RHP Gerardo Diaz
|
Batting: LHB Ryan Fridley
|
0-0: Ball 1-0: Called Strike 1-1: Swinging Strike 1-2: Ball 2-2: Strikes out swinging
|
Batting: LHB Angelo Lira
|
0-0: Ball 1-0: Called Strike 1-1: Called Strike 1-2: Strikes out looking
|
Batting: SHB Dan Strickland
|
0-0: Called Strike 0-1: Ball 1-1: Fly out, F5 (Popup, 5D, EV 70.0 MPH)
|
Top of the 4th over - 0 runs, 0 hits, 0 errors, 0 left on base; University of North Carolina at Chapel Hill 5 - UCLA 4 |
BOTTOM OF THE 4TH |
UCLA Bruins batting - Pitching for University of North Carolina at Chapel Hill Tar Heels : RHP Brian Jarrett
|
Batting: RHB Oscar Ferrer
|
0-0: Ball 1-0: Ball 2-0: Fly out, F6 (Line Drive, 6, EV 60.0 MPH)
|
Batting: RHB Isaiah Hampton
|
0-0: Ground out 5-3 (Groundball, 6S, EV 63.1 MPH)
|
Batting: RHB Lorenzo Diaz
|
0-0: Ground out 6-3 (Groundball, 6, EV 86.9 MPH)
|
Bottom of the 4th over - 0 runs, 0 hits, 0 errors, 0 left on base; University of North Carolina at Chapel Hill 5 - UCLA 4 |
TOP OF THE 5TH |
University of North Carolina at Chapel Hill Tar Heels batting - Pitching for UCLA Bruins : RHP Gerardo Diaz
|
Batting: RHB Cesar Rendon
|
0-0: Ball 1-0: Ball 2-0: Ground out 5-3 (Groundball, 56, EV 81.2 MPH)
|
Batting: LHB Ramon Garduno
|
0-0: Ball 1-0: Ball 2-0: SOLO HOME RUN (Flyball, 89XD, EV 110.0 MPH), Distance : 406 ft
|
Pitching: LHP Dave Maldonado
|
|
Batting: RHB Akira Kubo
|
0-0: Ball 1-0: Called Strike 1-1: Ball 2-1: DOUBLE (Line Drive, 89M, EV 87.5 MPH)
|
Batting: LHB Danny de Leon
|
0-0: Called Strike 0-1: Foul Ball, location: 2F 0-2: Ball 1-2: Ball 2-2: Strikes out swinging
|
Batting: RHB R.J. Gomez
|
0-0: Fly out, F9 (Line Drive, 9S, EV 92.5 MPH)
|
Top of the 5th over - 1 run, 2 hits, 0 errors, 1 left on base; University of North Carolina at Chapel Hill 6 - UCLA 4 |
BOTTOM OF THE 5TH |
UCLA Bruins batting - Pitching for University of North Carolina at Chapel Hill Tar Heels : RHP Brian Jarrett
|
Batting: RHB Jack Stadner
|
0-0: Ball 1-0: Ball 2-0: Ball 3-0: Called Strike 3-1: Foul Ball, location: 2F 3-2: SINGLE (Groundball, 34D, EV 95.0 MPH)
|
Pitching: LHP Matt DeGrado
|
|
Batting: LHB Xue-liang Zhou
|
0-0: Called Strike 0-1: Ball 1-1: Ball 2-1: Ball 3-1: Base on Balls Jack Stadner to second
|
Batting: RHB Amir Christy
|
0-0: Ball 1-0: Ball 2-0: Fly out, F9 (Line Drive, 9LM, EV 100.6 MPH)
|
Batting: LHB Alex Larangho
|
0-0: Foul Ball, location: 2F 0-1: Ball 1-1: Foul Ball, location: 2F 1-2: Ball 2-2: Ball 3-2: Fly out, F8 (Flyball, 8RXD, EV 98.8 MPH) Runner from 2nd tags up, SAFE at 3rd, no throw by CF
|
Batting: RHB Manny Olave
|
0-0: Ball 1-0: Fielders Choice at 2nd, 6-4 (Groundball, 6, EV 88.8 MPH)
|
Bottom of the 5th over - 0 runs, 1 hit, 0 errors, 2 left on base; University of North Carolina at Chapel Hill 6 - UCLA 4 |
TOP OF THE 6TH |
University of North Carolina at Chapel Hill Tar Heels batting - Pitching for UCLA Bruins : LHP Dave Maldonado
|
Batting: RHB Yasuoka Tsuda
|
0-0: Swinging Strike 0-1: Ball 1-1: Ball 2-1: Ball 3-1: Swinging Strike 3-2: Ground out 4-3 (Groundball, 4, EV 88.8 MPH)
|
Batting: LHB Ryan Fridley
|
0-0: Swinging Strike 0-1: Called Strike 0-2: Strikes out swinging
|
Batting: LHB Angelo Lira
|
0-0: Fly out, F7 (Flyball, 7, EV 95.6 MPH)
|
Top of the 6th over - 0 runs, 0 hits, 0 errors, 0 left on base; University of North Carolina at Chapel Hill 6 - UCLA 4 |
BOTTOM OF THE 6TH |
UCLA Bruins batting - Pitching for University of North Carolina at Chapel Hill Tar Heels : LHP Matt DeGrado
|
Batting: RHB John Ricketts
|
0-0: Ball 1-0: Called Strike 1-1: Foul Ball, location: 2F 1-2: Ball 2-2: Ball 3-2: Strikes out swinging
|
Batting: RHB Oscar Ferrer
|
0-0: Ball 1-0: Called Strike 1-1: Foul Ball, location: 2F 1-2: Fly out, F8 (Line Drive, 8LM, EV 109.4 MPH)
|
Batting: RHB Isaiah Hampton
|
0-0: Called Strike 0-1: Swinging Strike 0-2: Strikes out swinging
|
Bottom of the 6th over - 0 runs, 0 hits, 0 errors, 0 left on base; University of North Carolina at Chapel Hill 6 - UCLA 4 |
TOP OF THE 7TH |
University of North Carolina at Chapel Hill Tar Heels batting - Pitching for UCLA Bruins : LHP Dave Maldonado
|
Pitching: LHP Keith O'Brien
|
|
Batting: SHB Dan Strickland
|
0-0: Called Strike 0-1: Fly out, F8 (Flyball, 8RD, EV 96.2 MPH)
|
Batting: RHB Cesar Rendon
|
0-0: SINGLE (Groundball, 56D, EV 96.9 MPH)
|
Batting: LHB Ramon Garduno
|
0-0: Fielders Choice at 2nd, 2-6 (Groundball, 13S, EV 66.2 MPH)
|
Batting: RHB Akira Kubo
|
0-0: Called Strike 0-1: Foul Ball, location: 2F 0-2: Foul Ball, location: 2F 0-2: Ball 1-2: Foul Ball, location: 2F 1-2: Fielders Choice at 2nd, 5-4 (Groundball, 56, EV 90.6 MPH)
|
Top of the 7th over - 0 runs, 1 hit, 0 errors, 1 left on base; University of North Carolina at Chapel Hill 6 - UCLA 4 |
BOTTOM OF THE 7TH |
UCLA Bruins batting - Pitching for University of North Carolina at Chapel Hill Tar Heels : LHP Matt DeGrado
|
Pitching: LHP Mike Pierce
|
|
Batting: RHB Lorenzo Diaz
|
0-0: Ball 1-0: Foul Ball, location: 2F 1-1: Ball 2-1: Foul Ball, location: 2F 2-2: DOUBLE (Line Drive, 9LS, EV 108.8 MPH)
|
Batting: RHB Jack Stadner
|
0-0: SINGLE (Groundball, 6D, EV 102.5 MPH) Lorenzo Diaz to third Runner from 3rd tries for Home, SAFE, throw by LF to home
|
Batting: LHB Xue-liang Zhou
|
0-0: Called Strike 0-1: Called Strike 0-2: Ball 1-2: Ball 2-2: Ball 3-2: Strikes out swinging
|
Batting: RHB Amir Christy
|
0-0: Ball 1-0: Foul Ball, location: 2F 1-1: Called Strike 1-2: Strikes out looking
|
Batting: LHB Alex Larangho
|
0-0: Ball 1-0: Foul Ball, location: 2F 1-1: Ball 2-1: Fly out, F6 (Line Drive, 6D, EV 70.6 MPH)
|
Bottom of the 7th over - 1 run, 2 hits, 0 errors, 1 left on base; University of North Carolina at Chapel Hill 6 - UCLA 5 |
TOP OF THE 8TH |
University of North Carolina at Chapel Hill Tar Heels batting - Pitching for UCLA Bruins : LHP Keith O'Brien
|
Batting: LHB Danny de Leon
|
0-0: Ball 1-0: Ball 2-0: Called Strike 2-1: Ground out 1-3 (Groundball, 13S, EV 72.5 MPH)
|
Batting: RHB R.J. Gomez
|
0-0: Ball 1-0: Ball 2-0: SINGLE (Line Drive, 56, EV 98.1 MPH)
|
Batting: RHB Yasuoka Tsuda
|
0-0: Ball 1-0: Called Strike 1-1: Ball 2-1: Ball 3-1: SINGLE (Groundball, 13, EV 86.2 MPH) (infield hit) R.J. Gomez to second
|
Batting: LHB Ryan Fridley
|
0-0: Foul Ball, location: 2F 0-1: Ball Passed Ball! R.J. Gomez to third Yasuoka Tsuda to second 1-1: Ball 2-1: Foul Ball, location: 2F 2-2: Ball 3-2: Base on Balls
|
Batting: LHB Angelo Lira
|
0-0: Ball 1-0: Called Strike 1-1: Ball 2-1: Ball 3-1: Called Strike 3-2: Base on Balls R.J. Gomez scores Yasuoka Tsuda to third Ryan Fridley to second
|
Batting: SHB Dan Strickland
|
0-0: Ball 1-0: Ball 2-0: Ball 3-0: Base on Balls Yasuoka Tsuda scores Ryan Fridley to third Angelo Lira to second
|
Pitching: RHP Justin Swanson
|
|
Batting: RHB Cesar Rendon
|
0-0: Ball 1-0: Ball 2-0: Ball 3-0: Called Strike 3-1: Foul Ball, location: 2F 3-2: Base on Balls Ryan Fridley scores Angelo Lira to third Dan Strickland to second
|
Batting: LHB Ramon Garduno
|
0-0: Called Strike 0-1: Ball 1-1: Ball 2-1: Foul Ball, location: 2F 2-2: Foul Ball, location: 2F 2-2: Strikes out swinging
|
Batting: RHB Akira Kubo
|
0-0: Called Strike 0-1: Foul Ball, location: 2F 0-2: DOUBLE (Line Drive, 7LS, EV 95.6 MPH) Angelo Lira scores Dan Strickland scores Cesar Rendon to third Runner from 3rd tries for Home, SAFE, no throw by LF
|
Batting: LHB Danny de Leon
|
0-0: Swinging Strike 0-1: Foul Ball, location: 2F 0-2: Strikes out looking
|
Top of the 8th over - 6 runs, 3 hits, 0 errors, 1 left on base; University of North Carolina at Chapel Hill 12 - UCLA 5 |
BOTTOM OF THE 8TH |
UCLA Bruins batting - Pitching for University of North Carolina at Chapel Hill Tar Heels : LHP Mike Pierce
|
Batting: RHB Manny Olave
|
0-0: Ball 1-0: Ball 2-0: Called Strike 2-1: Foul Ball, location: 2F 2-2: Ball 3-2: Foul Ball, location: 2F 3-2: TRIPLE (Flyball, 78XD, EV 89.4 MPH)
|
Batting: RHB John Ricketts
|
0-0: Ball 1-0: Ground out 6-3 (Groundball, 56D, EV 110.0 MPH) Manny Olave scores
|
Batting: RHB Oscar Ferrer
|
0-0: Ball 1-0: Fly out, F9 (Flyball, 9S, EV 93.8 MPH)
|
Batting: RHB Isaiah Hampton
|
0-0: Ball 1-0: Called Strike 1-1: Swinging Strike 1-2: Ball 2-2: Fly out, F9 (Line Drive, 89M, EV 90.0 MPH)
|
Bottom of the 8th over - 1 run, 1 hit, 0 errors, 0 left on base; University of North Carolina at Chapel Hill 12 - UCLA 6 |
TOP OF THE 9TH |
University of North Carolina at Chapel Hill Tar Heels batting - Pitching for UCLA Bruins : RHP Justin Swanson
|
Batting: RHB R.J. Gomez
|
0-0: Called Strike 0-1: Ball 1-1: Swinging Strike 1-2: Strikes out looking
|
Batting: RHB Yasuoka Tsuda
|
0-0: Ball 1-0: Ball 2-0: Called Strike 2-1: Foul Ball, location: 2F 2-2: Strikes out swinging
|
Batting: LHB Ryan Fridley
|
0-0: Foul Ball, location: 2F 0-1: Ball 1-1: Foul Ball, location: 2F 1-2: Ball 2-2: Ball 3-2: SINGLE (Groundball, 25, EV 68.8 MPH) (infield hit)
|
Batting: LHB Angelo Lira
|
0-0: Ball 1-0: Ball 2-0: Ball 3-0: Base on Balls Ryan Fridley to second
|
Batting: SHB Dan Strickland
|
0-0: Called Strike 0-1: Ball 1-1: Fly out, F7 (Flyball, 78D, EV 90.6 MPH)
|
Top of the 9th over - 0 runs, 1 hit, 0 errors, 2 left on base; University of North Carolina at Chapel Hill 12 - UCLA 6 |
BOTTOM OF THE 9TH |
UCLA Bruins batting - Pitching for University of North Carolina at Chapel Hill Tar Heels : LHP Mike Pierce
|
Batting: RHB Lorenzo Diaz
|
0-0: Ball 1-0: Ground out 2-3 (Groundball, 2R, EV 72.5 MPH)
|
Batting: RHB Jack Stadner
|
0-0: Ball 1-0: Ball 2-0: Ball 3-0: Called Strike 3-1: Called Strike 3-2: Ground out U3 (Groundball, 3, EV 105.6 MPH)
|
Batting: LHB Xue-liang Zhou
|
0-0: Ball 1-0: Called Strike 1-1: Foul Ball, location: 2F 1-2: Ball 2-2: Foul Ball, location: 2F 2-2: Ball 3-2: Ground out 1-3 (Groundball, 34S, EV 66.2 MPH)
|
Bottom of the 9th over - 0 runs, 0 hits, 0 errors, 0 left on base; University of North Carolina at Chapel Hill 12 - UCLA 6 |
|